 Dungeon Crawl Stone Soup version 0.21-a0-584-g185da8e (webtiles) character file.

261 Amnesiac the Chiller (level 5, 0/31 HPs)
             Began as a Deep Elf Ice Elementalist on Dec 21, 2017.
             Slain by an orc wizard
             ... wielding a +0 dagger
              (4 damage)
             ... on level 4 of the Dungeon.
             The game lasted 00:05:35 (3351 turns).

Amnesiac the Chiller (Deep Elf Ice Elementalist)    Turns: 3351, Time: 00:05:36

Health: 0/31       AC:  4    Str: 10    XL:     5   Next: 96%
Magic:  0/14       EV: 18    Int: 21    God:
Gold:   144        SH:  0    Dex: 20    Spells: 1/13 levels left

rFire    . . .     SeeInvis .   (no weapon)
rCold    . . .     Gourm    .   (no shield)
rNeg     . . .     Faith    .   a - +0 robe
rPois    .         Spirit   .   q - +1 helmet
rElec    .         Reflect  .   (no cloak)
rCorr    .         Harm     .   (no gloves)
MR       .....                  (no boots)
Stlth    +++.......             (no amulet)
HPRegen  0.10/turn              (no ring)
MPRegen  0.14/turn              (no ring)

@: mighty, agile, very slightly contaminated
A: no striking features
a: no special abilities


You were on level 4 of the Dungeon.
You were not hungry.

You visited 1 branch of the dungeon, and saw 4 of its levels.

You collected 144 gold pieces.

Inventory:

Missiles
 f - 174 stones (quivered)
 m - 34 poisoned needles
Armour
 a - a +0 robe (worn)
 q - a +1 helmet (worn)
Jewellery
 r - a -3 ring of strength
Scrolls
 i - 4 scrolls of remove curse {!r}
 k - 2 scrolls of teleportation {!r}
Potions
 t - a potion of flight {!q}
Books
 b - a book of Frost

   Spells                             Type                      Level
   a - Freeze                         Ice                          1
   b - Throw Frost                    Conjuration/Ice              2
   c - Ozocubu's Armour               Charms/Ice                   3
   d - Throw Icicle                   Conjuration/Ice              4
   e - Summon Ice Beast               Ice/Summoning                4
Comestibles
 c - 7 rations
 d - 2 chunks of flesh


   Skills:
 - Level 2.4 Fighting
 - Level 2.4 Dodging
 - Level 2.4 Stealth
 + Level 4.9 Spellcasting
 * Level 2.4 Conjurations
 - Level 5.0 Ice Magic


You had one spell level left.
You knew the following spells:

 Your Spells              Type           Power        Failure   Level  Hunger
a - Freeze                Ice            ####         1%          1    None
b - Ozocubu's Armour      Chrm/Ice       ###.....     12%         3    ##.....
c - Summon Ice Beast      Ice/Summ       ###.....     36%         4    ####...
d - Throw Icicle          Conj/Ice       ###.....     24%         4    ####...


Dungeon Overview and Level Annotations

Branches:
Dungeon (4/15)
 Temple: D:4-7

Altars:
Trog


Message History

You hit the orc priest but do no damage.
The orc priest closely misses you.
You hit the orc priest but do no damage.
The orc priest completely misses you.
Casting: Freeze
Confirm with . or Enter, or press ? or * to list all spells.
Aiming: Freeze
Press: ? - help, Shift-Dir - straight line, f - orc priest
Aim: an orc priest, wielding a short sword and wearing a leather armour You freeze the orc priest.
The orc priest is severely wounded.
The orc priest hits you but does no damage.
You closely miss the orc priest.
The orc priest is severely wounded.
The orc priest misses you.
You hit the orc priest but do no damage.
The orc priest is severely wounded.
Something closely misses you.
The orc priest invokes the aid of Beogh against you.
Pain shoots through your body!
You hit the orc priest but do no damage.
The orc priest is severely wounded.
Something hits you.
The orc priest hits you with a short sword.
You closely miss the orc priest.
The orc priest is severely wounded.
Something hits you but does no damage.
The orc priest hits you but does no damage.
Okay, then.
You hit the orc priest but do no damage.
The orc priest is severely wounded.
Something closely misses you.
The orc priest calls down the wrath of Beogh upon you.
Pain shoots through your body!
* * * LOW HITPOINT WARNING * * *
Really quaff
l - a potion of heal wounds {!q}?
You feel much better.
You hear some strange, mumbled words.
A magic dart appears from out of thin air!
The magic dart hits you!
The orc priest hits you with a short sword.
Casting: Freeze
Confirm with . or Enter, or press ? or * to list all spells.
Aiming: Freeze
Press: ? - help, Shift-Dir - straight line, f/p - orc priest
Aim: an orc priest, wielding a short sword and wearing a leather armour (severely wounded)
You freeze the orc priest.
The orc priest is almost dead.
Something hits you. The orc priest closely misses you.
Unknown command.
You hit the orc priest but do no damage.
The orc priest is almost dead.
Something hits you but does no damage.
The orc priest invokes the aid of Beogh against you.
Pain shoots through your body!
* * * LOW HITPOINT WARNING * * *
Really quaff
h - a potion of might {!q}?
You feel very mighty all of a sudden. Something hits you but does no damage.
The orc priest looks satisfied for a moment.
You punch the orc priest!
You kill the orc priest!
Something hits you.
You die...

........#,,#....#+****
........#,,######,,,,*
........#,,,,,,*,,,,,*
........#+###,,+,,,,,*
............#,,*,,,,,*
............#####+####
.....................#
...............{.....#
...............)@....#
.....................#
................######
............#####....#
............#........#
....####....#........#
....'..#....'........#
....#..'....#..##.########
....#..#....#####.#......#


There were no monsters in sight!

Vanquished Creatures
  An orc priest (D:4)
  A bullfrog skeleton (D:4)
  Jessica (D:3)
  A worker ant (D:4)
  Robin (D:3)
  6 adders
  An ooze (D:4)
  2 worms
  2 dart slugs
  2 leopard geckos
  3 orcs
  A ball python (D:1)
  8 bats
  5 giant cockroaches
  12 goblins
  6 hobgoblins
  8 kobolds
  A quokka (D:2)
  11 frilled lizards
  A leopard gecko skeleton (D:4)
  4 rats
78 creatures vanquished.

Notes
Turn   | Place    | Note
-------+----------+-------------------------------------------
     0 | D:1      | Amnesiac the Deep Elf Ice Elementalist began the quest for the Orb.
     0 | D:1      | Reached XP level 1. HP: 10/10 MP: 6/6
   156 | D:1      | Reached XP level 2. HP: 16/16 MP: 5/8
   353 | D:1      | Reached skill level 1 in Fighting
   574 | D:2      | Reached XP level 3. HP: 20/20 MP: 4/9
   579 | D:2      | Learned a level 3 spell: Ozocubu's Armour
   617 | D:2      | Reached skill level 4 in Ice Magic
  1231 | D:2      | Reached XP level 4. HP: 26/26 MP: 9/11
  1251 | D:2      | Found a bloodstained altar of Trog.
  1301 | D:2      | Learned a level 4 spell: Summon Ice Beast
  1829 | D:3      | Noticed Robin
  2075 | D:3      | Killed Robin
  2352 | D:3      | Noticed Jessica
  2359 | D:3      | Killed Jessica
  2359 | D:3      | Reached XP level 5. HP: 27/31 MP: 9/13
  2759 | D:4      | Learned a level 4 spell: Throw Icicle
  2853 | D:4      | Reached skill level 5 in Ice Magic
  3351 | D:4      | Slain by an orc wizard

Vault maps used:
D:1:      matt_arrival_spirals
D:2:      trog_book
D:3:      serial_forest, infiniplex_forest_clump_double,
          infiniplex_forest_straight_4, infiniplex_forest_lined_2,
          infiniplex_forest_lined_room_2, infiniplex_forest_lined_corner,
          infiniplex_forest_straight_2, infiniplex_forest_clump_double,
          first_ration, uniq_jessica, uniq_robin

Skill      XL: |  1  2  3  4  5 |
---------------+----------------+-----
Fighting       | 1 2 |  2.4
Ice Magic      | 4 5 |  5.0
Spellcasting   | 4 |  4.9
Conjurations   | 2 |  2.4
Dodging        | |  2.4
Stealth        | |  2.4

Action                   |  1- 3 |  4- 6 || total
-------------------------+-------+-------++-------
Melee: Unarmed           |     3 |    25 ||    28
 Cast: Freeze            |    63 |    56 ||   119
       Throw Icicle      |       |     6 ||     6
  Use: Scroll            |       |     9 ||     9
       Potion            |       |     6 ||     6
 Stab: Sleeping          |       |     1 ||     1
  Eat: Chunk             |     1 |     7 ||     8
Armor: Robe              |     6 |    13 ||    19
Dodge: Dodged            |    39 |    57 ||    96

Table legend:
 A = Spawn XP
 B = Non-spawn XP
 C = Spawn XP percentage of total XP
 D = Spawn monster count
 E = Non-spawn monster count
 F = Spawn count percentage of total count
 G = Total turns spent on level
                    A         B        C        D         E        F      G
               +---------+---------+-------+---------+---------+-------+---------
         Total |       0 |     373 |   0.0 |       0 |      78 |   0.0 |  3351
               +---------+---------+-------+---------+---------+-------+---------
           D:1 |       0 |      31 |   0.0 |       0 |      17 |   0.0 |   530
           D:2 |       0 |      68 |   0.0 |       0 |      25 |   0.0 |  1060
           D:3 |       0 |     126 |   0.0 |       0 |      25 |   0.0 |  1053
           D:4 |       0 |     148 |   0.0 |       0 |      11 |   0.0 |   708
               +---------+---------+-------+---------+---------+-------+---------
